 Dungeon Crawl Stone Soup version 0.31.0-1-g2c135a008e (webtiles) character file.

Game seed: 14021962236965863996

761 qw the Shooter (level 8, -2/53 HPs)
             Began as a Djinni Hunter on Jan 23, 2024.
             Slain by Menkaure (16 damage)
             ... on level 4 of the Dungeon.
             The game lasted 00:00:15 (3110 turns).

qw the Shooter (Djinni Hunter)                      Turns: 3110, Time: 00:00:16

Health: -2/53      AC: 10    Str: 16    XL:     8   Next: 8%
Gold:   209        EV: 17    Int: 11    God:
                   SH:  0    Dex: 19

rFire   + + .        a - +0 shortbow
rCold   x . .        (shield currently unavailable)
rNeg    . . .        m - +3 ring mail
rPois   inf          (no helmet)
rElec   .            d - +0 cloak
rCorr   .            h - +0 pair of gloves
SInv    .            (boots unavailable)
Will    .....        (no amulet)
Stlth   +            f - +5 ring of evasion
HPRegen 0.28/turn    c - +6 ring of strength
MPRegen 0.00/turn

%: infuse magic (-3 HP)
@: flying
A: sickness immunity, fire resistance 2, cold vulnerability 1, float, innate
caster, HP casting, extra vitality 1, frail 1, mutation resistance 1, subdued
magic 1
a: no special abilities


You were on level 4 of the Dungeon.
You visited 1 branch of the dungeon, and saw 4 of its levels.

You collected 209 gold pieces.


Innate Abilities, Weirdness & Mutations

You are immune to sickness and miasma.
You are immune to poison.
Your flesh is very heat resistant. (rF++)
You are vulnerable to cold. (rC-)
You float through the air rather than walking.
You learn spells naturally, not from books.
Your magical power is your life essence.
You have superior vitality. (+4 MHP)
You are frail. (-10% HP)
You are somewhat resistant to further mutation.
Your spells are a little easier to cast, but a little less powerful.


   Skills:
 - Level 5.3 Fighting
 + Level 5.9 Ranged Weapons
 - Level 1.2 Armour
 - Level 3.9 Dodging
 - Level 0.7 Stealth


You knew the following spells:

 Your Spells              Type           Power      Damage    Failure   Level
a - Freeze                Ice            0%         1d3       52%         1
b - Lesser Beckoning      Tloc           0%         N/A       67%         2
c - Jinxbite              Hex            0%         N/A       67%         2
Your spell library was empty.

Inventory:

Hand Weapons
 a - a +0 shortbow (weapon)
Armour
 d - a +0 cloak (worn)
 h - a +0 pair of gloves (worn)
 m - a +3 ring mail (worn)
Jewellery
 c - a +6 ring of strength (right hand)
 f - a +5 ring of evasion (left hand)
Scrolls
 e - a scroll of teleportation
 i - a scroll of poison {unknown}
Potions
 b - 2 potions of curing {unknown}
 g - a potion of enlightenment {unknown}
 k - a potion of magic {unknown}

Dungeon Overview and Level Annotations

Branches:
Dungeon (4/15)
 Temple: D:4-7

Altars:

Annotations:
D:4 Menkaure


Message History

The endoplasm quivers.
The white imp gestures at you. The puff of frost misses you.
You shoot an arrow. The arrow hits the white imp!
The white imp is almost dead.
The white imp gestures at you. The puff of frost misses you.
You shoot an arrow. The arrow hits the white imp!
You kill the white imp!
Menkaure, Prince of Dust comes into view.
Menkaure shouts!
Menkaure mumbles some strange words.
Menkaure seems to speed up.
There is an open gate here.
You shoot an arrow. The arrow hits Menkaure!
Menkaure is moderately damaged.
You shoot an arrow. The arrow hits Menkaure.
Menkaure is moderately damaged.
Menkaure calls on the powers of darkness!
The endoplasm convulses!
Your body is wracked with pain!
You shoot an arrow. The arrow hits Menkaure.
Menkaure is severely damaged.
Menkaure points at you and mumbles some strange words.
Pain shoots through your body! Menkaure barely misses you.
You shoot an arrow. The arrow barely misses Menkaure.
The endoplasm barely misses you. Menkaure completely misses you.
You shoot an arrow. The arrow closely misses Menkaure.
Menkaure misses you. The endoplasm misses you. Menkaure completely misses you.
The endoplasm barely misses you.
You shoot an arrow.
The arrow hits Menkaure but does no damage.
Menkaure is severely damaged.
Menkaure barely misses you. The endoplasm barely misses you.
You shoot an arrow. The arrow hits Menkaure.
Menkaure is almost destroyed.
Menkaure calls on the powers of darkness!
The endoplasm convulses!
Your body is wracked with pain!
The endoplasm freezes you.
You are frozen.
Menkaure hits you!
You die...

####.##...##..##...##.
#.....................
#..................#####
#..................##...
#...................#..>
#..............)%...#...
##......#.....##...##...
####...#.....##...##...
#''@###........'....
#....JM.##..<....#####
#.........##......##...
#..#######..##.....#....
).. ...##....#.... ..
...#######... #.. #...
.. ####


You could see Menkaure (fast) and an endoplasm.

Vanquished Creatures
  Grinder (D:3)
  A water moccasin (D:4)
  An ogre (D:4)
  A phantom (D:3)
  A gnoll sergeant (D:3)
  A bombardier beetle (D:4)
  A hound (D:4)
  An orc priest (D:3)
  5 gnolls (D:3)
  3 adders
  A shadow imp (D:4)
  A white imp (D:4)
  4 ribbon worms
  2 dart slugs
  7 orcs
  An endoplasm (D:1)
  3 giant cockroaches
  4 hobgoblins
  8 jackals
  3 kobolds
  5 ball pythons
  2 frilled lizards (D:2)
  4 rats
61 creatures vanquished.

Notes
Turn   | Place    | Note
-------+----------+-------------------------------------------
     0 | D:1      | qw the Djinni Hunter began the quest for the Orb.
     0 | D:1      | Reached XP level 1. HP: 18/18 MP: 0/0
     0 | D:1      | 0 ||| qw: Version: 0.3-a-135-gb77e89d
     0 | D:1      | 0 ||| qw: Game counter: 781
     0 | D:1      | 0 ||| qw: Melee chars always use a shield: true
     0 | D:1      | 0 ||| qw: God list: Okawaru
     0 | D:1      | 0 ||| qw: Allow faded altars: false
     0 | D:1      | 0 ||| qw: Do Orc after clearing Dungeon:15 true
     0 | D:1      | 0 ||| qw: Do second Lair branch before Depths: true
     0 | D:1      | 0 ||| qw: Lair rune preference: random
     0 | D:1      | 0 ||| qw: Goals: Normal
     0 | D:1      | 0 ||| PLANNING D:1-11
   154 | D:1      | Reached XP level 2. HP: 23/23 MP: 0/0
   451 | D:1      | 451 ||| UPGRADING to +0 pair of gloves.
   456 | D:1      | 456 ||| UPGRADING to +0 ring mail.
   466 | D:1      | 466 ||| DROPPING +0 leather armour.
   467 | D:1      | 467 ||| READING scroll labelled KILIUFF VENIM.
   468 | D:1      | 468 ||| READING scroll labelled HUNOJU MUMYAFE.
   468 | D:1      | 468 ||| IDENTIFYING gluggy clear potion
   469 | D:1      | 469 ||| DRINKING potion of mutation.
   469 | D:1      | Gained mutation: Your spells are a little easier to cast,
                  | but a little less powerful. [potion of mutation]
   469 | D:1      | Gained mutation: You are frail. (-10% HP) [potion of
                  | mutation]
   469 | D:1      | Gained mutation: You are somewhat resistant to further
                  | mutation. [potion of mutation]
   470 | D:1      | 470 ||| READING scroll labelled BORUL NEENKATI.
   571 | D:1      | 571 ||| DROPPING scroll of butterflies.
   708 | D:2      | Reached skill level 1 in Armour
   708 | D:2      | Reached XP level 3. HP: 25/25 MP: 0/0
   708 | D:2      | Learned a level 1 spell: Freeze
  1234 | D:2      | Reached XP level 4. HP: 26/30 MP: 0/0
  1409 | D:2      | 1409 ||| UPGRADING to +0 cloak.
  1414 | D:2      | 1414 ||| UPGRADING to +5 ring of evasion.
  1415 | D:2      | 1415 ||| READING 2 scrolls of identify.
  1415 | D:2      | 1415 ||| IDENTIFYING puce potion
  1416 | D:2      | 1416 ||| READING scroll of identify.
  1416 | D:2      | 1416 ||| IDENTIFYING blue potion
  1417 | D:2      | 1417 ||| READING scroll labelled JEFOT MEOLIUT.
  1418 | D:2      | 1418 ||| READING scroll labelled FYOTRACVUV.
  1419 | D:2      | 1419 ||| DROPPING potion of lignification.
  1536 | D:3      | Noticed Grinder
  1545 | D:3      | Paralysed by Grinder for 3 turns
  1556 | D:3      | HP: 7/30 [Grinder/nerve-wracking pain (8)]
  1557 | D:3      | 1557 ||| DRINKING potion of heal wounds.
  1561 | D:3      | Killed Grinder
  1562 | D:3      | Reached XP level 5. HP: 31/38 MP: 0/0
  1562 | D:3      | Learned a level 2 spell: Lesser Beckoning
  1562 | D:3      | Reached XP level 6. HP: 36/44 MP: 0/0
  1847 | D:3      | Reached XP level 7. HP: 21/48 MP: 0/0
  1847 | D:3      | Learned a level 2 spell: Jinxbite
  2185 | D:3      | Found a faded altar of an unknown god.
  2265 | D:3      | HP: 11/48 [gnoll sergeant/+2 heavy spear (18)]
  2266 | D:3      | HP: 4/48 [gnoll sergeant/+2 heavy spear (7)]
  2267 | D:3      | HP: 1/48 [gnoll sergeant/+2 heavy spear (4)]
  2275 | D:3      | 2275 ||| FLEEEEING.
  2276 | D:3      | 2276 ||| FLEEEEING.
  2277 | D:3      | 2277 ||| FLEEEEING.
  2278 | D:3      | 2278 ||| FLEEEEING.
  2279 | D:3      | 2279 ||| FLEEEEING.
  2280 | D:3      | 2280 ||| FLEEEEING.
  2281 | D:3      | 2281 ||| FLEEEEING.
  2282 | D:3      | 2282 ||| FLEEEEING.
  2283 | D:3      | 2283 ||| FLEEEEING.
  2284 | D:3      | 2284 ||| FLEEEEING.
  2285 | D:3      | 2285 ||| FLEEEEING.
  2286 | D:3      | 2286 ||| FLEEEEING.
  2287 | D:3      | 2287 ||| FLEEEEING.
  2288 | D:3      | 2288 ||| FLEEEEING.
  2289 | D:3      | 2289 ||| FLEEEEING.
  2290 | D:3      | 2290 ||| FLEEEEING.
  2291 | D:3      | 2291 ||| FLEEEEING.
  2292 | D:3      | 2292 ||| FLEEEEING.
  2293 | D:3      | 2293 ||| FLEEEEING.
  2294 | D:3      | 2294 ||| FLEEEEING.
  2295 | D:3      | 2295 ||| FLEEEEING.
  2296 | D:3      | 2296 ||| FLEEEEING.
  2297 | D:3      | 2297 ||| FLEEEEING.
  2300 | D:3      | HP: 7/48 [gnoll/+0 hand axe (4)]
  2709 | D:3      | 2709 ||| UPGRADING to +3 ring mail.
  2719 | D:3      | 2719 ||| DROPPING +0 ring mail.
  2720 | D:3      | 2720 ||| UPGRADING to +6 ring of strength.
  2721 | D:3      | 2721 ||| READING scroll of identify.
  2721 | D:3      | 2721 ||| IDENTIFYING fizzy purple potion
  2722 | D:3      | 2722 ||| READING scroll labelled SARICIL YZUJUI.
  2723 | D:3      | 2723 ||| READING scroll labelled LITAVI QEGREAX.
  2724 | D:3      | 2724 ||| READING scroll labelled ZAYRHIG HYKOUPH.
  2727 | D:3      | 2727 ||| DROPPING potion of ambrosia.
  2778 | D:4      | Noticed a water moccasin
  2796 | D:4      | Killed a water moccasin
  2797 | D:4      | Reached skill level 3 in Dodging
  2822 | D:4      | 2822 ||| FLEEEEING.
  2823 | D:4      | 2823 ||| FLEEEEING.
  2824 | D:4      | 2824 ||| FLEEEEING.
  3075 | D:4      | Reached XP level 8. HP: 53/53 MP: 0/0
  3103 | D:4      | Noticed Menkaure
  3110 | D:4      | Slain by Menkaure

Levels and vault maps discovered:
D:1:      onia_arrival_mini_spirals, layout_rooms
D:2:      layout_basic, chequers_serial_rivers_micro_e, minmay_quantized
D:3:      layout_basic, hellmonk_ecumenical_altar_zigzags,
          pf_guarded_unrand_woodcutter, uniq_grinder
D:4:      layout_gridville, serial_library_hellmonk_octagon, uniq_natasha,
          uniq_menkaure

Skill      XL: |  1  2  3  4  5  6  7 |
---------------+----------------------+-----
Armour         | 1 |  1.2
Ranged Weapons | 4 5 |  5.9
Fighting       | 5 |  5.3
Dodging        | 3 |  3.9
Stealth        | |  0.7

Action                     |  1- 3 |  4- 6 |  7- 9 || total
---------------------------+-------+-------+-------++-------
   Fire: Shortbow          |    89 |    64 |   125 ||   278
    Use: Scroll            |     3 |     4 |     4 ||    11
         Potion            |     1 |     1 |       ||     2
 Armour: Leather armour    |    17 |       |       ||    17
         Ring mail         |    18 |    19 |    32 ||    69
  Dodge: Dodged            |    39 |    19 |    64 ||   122

Table legend:
 A = Non-vault XP
 B = Vault XP
 C = Vault XP percentage of total XP
 D = Non-vault monster count
 E = Vault monster count
 F = Vault count percentage of total count
                 A         B        C        D         E       F
            +---------+---------+-------+---------+---------+-------
      Total |     620 |     468 |  43.0 |      47 |      14 |  23.0
            +---------+---------+-------+---------+---------+-------
        D:1 |      18 |       0 |   0.0 |       8 |       0 |   0.0
        D:2 |      44 |      10 |  18.5 |      10 |       5 |  33.3
        D:3 |     191 |     437 |  69.6 |      19 |       7 |  26.9
        D:4 |     367 |      21 |   5.4 |      10 |       2 |  16.7
            +---------+---------+-------+---------+---------+-------
